 Dungeon Sprint DCSS version 0.21-a0-50-g941c862 (webtiles) character file.

972 Kidiri the Grappler (level 7, -18/78 HPs)
             Began as a Troll Monk on June 11, 2017.
             Was a High Priest of Wu Jian.
             Demolished by a merfolk
             ... wielding a +0 trident
              (21 damage)
             ... in the Dungeon (Sprint VII: "The Pits").
             The game lasted 00:03:09 (404 turns).

Kidiri the Grappler (Troll Monk)                     Turns: 404, Time: 00:03:10

Health: -18/78     AC:  5    Str: 20    XL:     7   Next: 94%
Magic:  6/6        EV: 14    Int:  6    God:    Wu Jian [*****.]
Gold:   0          SH:  0    Dex: 14    Spells: 6/6 levels left

rFire    . . .     SeeInvis .     - Unarmed
rCold    . . .     Gourm    +   (no shield)
rNeg     . . .     Faith    .   a - +0 robe
rPois    .         Spirit   .   (helmet restricted)
rElec    .         Reflect  .   (no cloak)
rCorr    .         Harm     .   (gloves unavailable)
MR       .....     NoTele   +   (boots unavailable)
Stlth    +++.......             (no amulet)
Regen    0.7/turn               (no ring)
MPRegen  0.1/turn               (no ring)

@: no status effects
A: unfitting armour, claws 3, fast metabolism 3, gourmand, regeneration 1,
shaggy fur 1, tough skin 2
a: Serpent's Lash, Heavenly Storm, Renounce Religion


You were in the Dungeon.
You worshipped Wu Jian.
Wu Jian was extremely pleased with you.
You were not hungry.

You visited 1 branch

Inventory:

Armour
 a - a +0 robe (worn)
Scrolls
 h - a scroll of blinking
 j - 3 scrolls of remove curse
 k - 5 scrolls of amnesia
 l - a scroll of summoning
Potions
 c - 6 potions of curing
 d - 3 potions of heal wounds
 e - a potion of haste
 f - 4 potions of magic
 g - 2 potions of berserk rage
 i - 2 potions of invisibility
Comestibles
 b - 9 bread rations
 m - 40 fruits
 n - 7 meat rations
 o - 2 chunks of flesh


   Skills:
 * Level 7.6 Fighting
 + Level 3.6 Armour
 * Level 7.8 Dodging
 * Level 4.5 Stealth
 * Level 9.6 Unarmed Combat


You had 6 spell levels left.
You didn't know any spells.

Dungeon Overview and Level Annotations

Branches:
Dungeon (1/1)

Altars:
Ashenzari
Cheibriados
Dithmenos
Elyvilon
Fedhas
Gozag
Hepliaklqana
Kikubaaqudgha
Makhleb
Nemelex Xobeh
Okawaru
Qazlal
Ru
Sif Muna
Trog
Uskayaw
Vehumet
Wu Jian
Xom
Yredelemnul
Zin
The Shining One
Beogh
Jiyva
Lugonu


Innate Abilities, Weirdness & Mutations

You are too large for most types of armour.
You have claws for hands.
Your metabolism is lightning-fast.
You like to eat raw meat.
Your natural rate of healing is unusually fast.
You are covered in fur. (AC +1)
You have very tough skin. (AC +2)


Message History

You spin and attack the ogre.
You claw the ogre!
The ogre is severely wounded.
You spin and attack the merfolk.
You closely miss the merfolk.
The merfolk is lightly wounded.
The ogre hits you with a giant club!!
The merfolk hits you but does no damage.
The merfolk hits you from afar with a trident!!
* * * LOW HITPOINT WARNING * * *
Unknown command.
You attack the ogre from above.
You scratch the ogre but do no damage.
The ogre is severely wounded.
You attack the merfolk from above.
You claw the merfolk!
The merfolk is moderately wounded.
The ogre closely misses you. The merfolk barely misses you.
Unknown command.
You feel much better. The tyrant leech bites you!!
* * * LOW HITPOINT WARNING * * *
The tyrant leech draws strength from your injuries!
The merfolk hits you with a trident!!
You die...

#.#........##.......#
#.#........##.......#
#'###########.......#
#(......#..##########
#.###...#.######
#.#.....#.#....#
#.#...#.#'#....#
#.....#.#.'§mw.+
#...###.#)#§@O.#
#.......'.#§§..#
################


You could see a tyrant leech, a merfolk and an ogre.

Vanquished Creatures
  A troll (D)
  A porcupine (D)
  A floating eye (D)
  An ogre (D)
  2 necrophages (D)
  A centaur (D)
  A wolf (D)
  A big kobold (D)
  2 worker ants (D)
  An adder (D)
  3 river rats (D)
  A worm (D)
  A leopard gecko (D)
  2 goblins (D)
  A bat (D)
  A frilled lizard (D)
  A rat (D)
22 creatures vanquished.

Notes
Turn   | Place    | Note
-------+----------+-------------------------------------------
     0 | D        | Kidiri the Troll Monk began the quest for the Orb.
     0 | D        | Reached XP level 1. HP: 22/22 MP: 0/0
    20 | D        | Reached XP level 2. HP: 17/31 MP: 1/1
    25 | D        | Found a bloodstained altar of Trog.
    25 | D        | Found a deep blue altar of Sif Muna.
    25 | D        | Found a viscous altar of Jiyva.
    25 | D        | Found a hazy altar of Hepliaklqana.
    25 | D        | Found an opulent altar of Gozag.
    26 | D        | Found a glowing golden altar of the Shining One.
    26 | D        | Found a glowing silver altar of Zin.
    26 | D        | Found a basalt altar of Yredelemnul.
    26 | D        | Found a shimmering altar of Xom.
    26 | D        | Found an ornate altar of the Wu Jian Council.
    26 | D        | Found a sacrificial altar of Ru.
    26 | D        | Found a stormy altar of Qazlal.
    26 | D        | Found an iron altar of Okawaru.
    26 | D        | Found a sparkling altar of Nemelex Xobeh.
    26 | D        | Found a burning altar of Makhleb.
    26 | D        | Found a blossoming altar of Fedhas.
    26 | D        | Found a white marble altar of Elyvilon.
    26 | D        | Found a shadowy altar of Dithmenos.
    26 | D        | Found a snail-covered altar of Cheibriados.
    28 | D        | Found a radiant altar of Vehumet.
    28 | D        | Found a corrupted altar of Lugonu.
    28 | D        | Found a roughly hewn altar of Beogh.
    29 | D        | Found a hide-covered altar of Uskayaw.
    29 | D        | Found an ancient bone altar of Kikubaaqudgha.
    29 | D        | Found a shattered altar of Ashenzari.
    35 | D        | Became a worshipper of the Wu Jian Council
    35 | D        | Reached * piety under Wu Jian
    35 | D        | Reached ** piety under Wu Jian
    89 | D        | Reached skill level 4 in Unarmed Combat
    89 | D        | Reached XP level 3. HP: 18/37 MP: 2/2
   157 | D        | Reached skill level 5 in Unarmed Combat
   157 | D        | Reached *** piety under Wu Jian
   164 | D        | Noticed a big kobold
   171 | D        | Killed a big kobold
   171 | D        | Reached skill level 5 in Dodging
   171 | D        | Reached skill level 6 in Unarmed Combat
   171 | D        | Reached XP level 4. HP: 41/49 MP: 3/3
   172 | D        | Reached **** piety under Wu Jian
   172 | D        | Reached skill level 5 in Fighting
   172 | D        | Reached skill level 7 in Unarmed Combat
   172 | D        | Reached XP level 5. HP: 48/57 MP: 4/4
   231 | D        | Noticed a centaur
   231 | D        | Noticed a floating eye
   232 | D        | Noticed a wolf
   233 | D        | Paralysed by a floating eye for 4 turns
   238 | D        | Noticed an ogre
   244 | D        | Paralysed by a floating eye for 4 turns
   257 | D        | Killed a wolf
   257 | D        | Reached skill level 1 in Armour
   258 | D        | Killed a centaur
   258 | D        | Reached skill level 8 in Unarmed Combat
   258 | D        | Reached XP level 6. HP: 53/67 MP: 5/5
   262 | D        | Killed a floating eye
   262 | D        | Reached ***** piety under Wu Jian
   316 | D        | Noticed a porcupine
   324 | D        | Killed a porcupine
   324 | D        | Reached XP level 7. HP: 65/76 MP: 6/6
   341 | D        | Noticed a troll
   342 | D        | Killed a troll
   342 | D        | Reached skill level 9 in Unarmed Combat
   397 | D        | Noticed a merfolk
   397 | D        | Noticed a tyrant leech
   404 | D        | HP: 3/78 [tyrant leech (35)]
   404 | D        | Demolished by a merfolk

Vault maps used:
D:        pitsprint

Skill      XL: |  1  2  3  4  5  6  7 |
---------------+----------------------+-----
Fighting       | 3 4 5 6 7 |  7.6
Dodging        | 3 5 6 7 |  7.8
Unarmed Combat | 4 6 7 8 9 |  9.6
Armour         | 1 2 3 |  3.6
Stealth        | 2 3 4 |  4.5

Action                   |  1- 3 |  4- 6 |  7- 9 || total
-------------------------+-------+-------+-------++-------
Melee: Unarmed           |    36 |    18 |    28 ||    82
Invok: Serpent's Lash    |       |     1 |       ||     1
  Use: Potion            |       |     3 |     1 ||     4
 Stab: Sleeping          |       |       |     1 ||     1
  Eat: Chunk             |     2 |     1 |       ||     3
Armor: Robe              |     7 |     8 |     3 ||    18
Dodge: Dodged            |    15 |    10 |    12 ||    37
